 Dungeon Crawl Stone Soup version 0.19-a0-1008-g4c63d25 (webtiles) character file.

5457 HAL9000 the Basher (level 10, -5/165 (166) HPs)
             Began as an Ogre Berserker on July 22, 2016.
             Was a High Priest of Trog.
             Slain by an iron golem (34 damage)
             ... on level 9 of the Dungeon.
             The game lasted 00:15:12 (8131 turns).

HAL9000 the Basher (Ogre Berserker)                 Turns: 8131, Time: 00:15:13

HP:   -5/165 (166)  AC:  6    Str: 29    XL:     10   Next: 68%
MP:   10/10         EV: 13    Int:  6    God:    Trog [*****.]
Gold: 555           SH:  0    Dex: 12    Spells: 0 memorised, 9 levels left

rFire  . . .     SeeInvis +     Q - +1 giant spiked club
rCold  . . .     Gourm    .     H - +2 robe {MR+}
rNeg   . . .     Faith    .     (shield currently unavailable)
rPois  .         Spirit   .     (helmet restricted)
rElec  .         Dismiss  .     Y - +0 cloak of Fyad {Slay+5}
rCorr  .         Reflect  .     (gloves unavailable)
SustAt .         Harm     .     (boots unavailable)
MR     ++...                    (no amulet)
Stlth  ..........               l - +2 ring of slaying
                                V - ring of see invisible

@: berserking (expiring), very quick, very resistant to hostile enchantments,
extremely unstealthy
A: unfitting armour, tough skin 1
a: Berserk, Trog's Hand, Brothers in Arms, Burn Spellbooks, Renounce Religion


You were on level 9 of the Dungeon.
You worshipped Trog.
Trog was extremely pleased with you.
You were very hungry.

You visited 1 branch of the dungeon, and saw 10 of its levels.

You collected 555 gold pieces.

Inventory:

Hand Weapons
 G - a +0 flail of protection
 Q - a +1 giant spiked club (weapon)
Missiles
 K - 9 tomahawks (quivered)
Armour
 s - a +2 cloak
 H - a +2 robe of magic resistance (worn)
 Y - the +0 cloak of Fyad (worn) {Slay+5}
   (You acquired it on level 7 of the Dungeon)

   It affects your accuracy and damage with ranged weapons and melee attacks
   (+5).
Jewellery
 f - an uncursed ring of sustain attributes
 l - a +2 ring of slaying (right hand)
 L - an uncursed ring of magical power
 V - a ring of see invisible (left hand)
 Z - an uncursed amulet of regeneration {unknown}
Wands
 n - a wand of flame (21/48)
 w - a wand of flame (22/48)
 A - a wand of lightning (4/15)
 B - a wand of enslavement (18/24)
 D - a wand of enslavement (13/24)
 F - a wand of disintegration (6/24)
 T - a wand of disintegration (10/24)
Scrolls
 e - 6 scrolls of teleportation
 k - 3 scrolls of blinking
 m - 2 scrolls of amnesia
 M - 2 scrolls of recharging {unknown}
 N - 5 scrolls of remove curse
 S - a scroll of enchant armour
 W - 2 scrolls of identify
 X - a scroll of random uselessness {unknown}
Potions
 q - 2 potions of heal wounds
 t - 3 potions of curing
 u - 2 potions of haste {unknown}
 x - a potion of flight
 z - a potion of agility {unknown}
 C - 3 potions of lignification
 I - a potion of brilliance
Books
 E - a book of the Warp

   Spells                             Type                      Level
   a - Recall                         Summoning/Translocation      3
   b - Gell's Gravitas                Hexes/Translocation          3
   c - Force Lance                    Conjuration/Translocation    4
   d - Warp Weapon                    Charms/Translocation         5
   e - Summon Forest                  Summoning/Translocation      5
   Trog disapproves of the use of such an item.
 U - a book of Party Tricks

   Spells                             Type                      Level
   a - Summon Butterflies             Summoning                    1
   b - Apportation                    Translocation                1
   c - Tukima's Dance                 Hexes                        3
   d - Alistair's Intoxication        Transmutation/Poison         5
   e - Invisibility                   Hexes                        6
   Trog disapproves of the use of such an item.
Comestibles
 c - 10 bread rations
 J - 4 chunks of flesh
 O - 5 beef jerkies
 P - 2 meat rations
 R - 3 fruits


   Skills:
 + Level 10.8 Fighting
 * Level 14.6 Maces & Flails
 + Level 7.1 Dodging


You had 9 spell levels left.
You didn't know any spells.

Dungeon Overview and Level Annotations

Branches:
Dungeon (10/15)            Temple (0/1) D:6             Orc (0/2) D:9
   Lair: D:8-11

Altars:
Ashenzari
Elyvilon
Gozag
Pakellas
Qazlal
Ru
Sif Muna
Trog
Uskayaw
Vehumet
Zin
The Shining One


Innate Abilities, Weirdness & Mutations

You are too large for most types of armour.
You have tough skin. (AC +1)


Message History

The iron golem hits you!!
You bludgeon the hippogriff!!
The hippogriff is heavily wounded.
The hippogriff closely misses you.
The hippogriff pecks you but does no damage.
The hippogriff closely misses you.
You barely miss the hippogriff.
The hippogriff is heavily wounded.
The iron golem barely misses you.
You stick the hippogriff like a pincushion!!!
You kill the hippogriff!
Trog accepts your kill.
You spit the iron golem like a pig!!!
The iron golem is heavily damaged.
The iron golem hits you!!
* * * LOW HITPOINT WARNING * * *
You flatten the iron golem like a pancake!!!
The iron golem is severely damaged.
The iron golem hits you!!
You die...

###########
#<..8......
#..@)......
#..####.###
#..#.......#
#..#.8....8#..#
#..#..!$?..#..#
#..#..$[$..#..#
#..#..:$?..#..#
#..#.......#..#
#.....8.#..#


You could see an iron golem.

Vanquished Creatures
  2 iron golems (D:9)
  A two-headed ogre (D:9)
  A spriggan (D:7)
  Sigmund (D:2)
  2 hippogriffs
  Duvessa (D:6)
  2 sky beasts
  2 orc warriors
  2 phantoms
  An ice beast (D:9)
  2 necrophages
  4 ogres
  2 centaurs
  Blork the orc (D:5)
  5 giant frogs
  2 wyvern skeletons
  Dowan (D:6)
  2 scorpions
  3 howler monkeys
  4 crimson imps
  A centaur zombie (D:10)
  5 jellies
  3 orc priests
  A giant frog skeleton (D:6)
  A giant frog zombie (D:7)
  Crazy Yiuf (D:2)
  6 hounds
  3 iguanas
  Natasha (thrice) (D:3)
  6 orc wizards
  5 worker ants
  A hound zombie (D:6)
  2 worker ant zombies
  A howler monkey skeleton (D:10)
  7 gnolls
  9 adders
  A shadow imp (D:7)
  2 oozes
  An adder zombie (D:6)
  3 adder skeletons
  3 worms
  3 dart slugs (D:1)
  5 giant geckos
  33 orcs
  8 bats
  3 giant cockroaches
  10 goblins
  11 hobgoblins
  4 jackals (D:6)
  8 quokkas
  A giant gecko skeleton (D:4)
  A giant gecko zombie (D:6)
  5 giant newts
  11 kobolds
  A quokka zombie (D:7)
  7 rats
217 creatures vanquished.

Notes
Turn   | Place    | Note
-------+----------+-------------------------------------------
     0 | D:1      | HAL9000 the Ogre Berserker began the quest for the Orb.
     0 | D:1      | Reached XP level 1. HP: 24/24 MP: 1/1
    65 | D:1      | Reached XP level 2. HP: 27/32 MP: 2/2
   421 | D:1      | Reached skill level 5 in Maces & Flails
   473 | D:1      | Reached XP level 3. HP: 17/40 MP: 3/3
   959 | D:1      | Reached ** piety under Trog
  1575 | D:2      | Noticed Sigmund
  1587 | D:2      | Killed Sigmund
  1587 | D:2      | Reached skill level 5 in Fighting
  1587 | D:2      | Reached skill level 7 in Maces & Flails
  1587 | D:2      | Reached XP level 4. HP: 52/52 MP: 4/4
  1587 | D:2      | Reached XP level 5. HP: 59/59 MP: 5/5
  1690 | D:2      | Found a runed door.
  2173 | D:2      | Reached XP level 6. HP: 57/67 MP: 6/6
  2296 | D:2      | Noticed Crazy Yiuf
  2301 | D:2      | Killed Crazy Yiuf
  2407 | D:3      | Noticed Natasha
  2408 | D:3      | Found an oddly glowing altar of Pakellas.
  2433 | D:3      | Killed Natasha
  2611 | D:3      | Noticed Natasha
  2620 | D:3      | Killed Natasha
  2677 | D:3      | Reached skill level 8 in Maces & Flails
  2874 | D:3      | Reached *** piety under Trog
  2906 | D:3      | Noticed Natasha
  2923 | D:3      | Found a hide-covered altar of Uskayaw.
  2924 | D:3      | Found a white marble altar of Elyvilon.
  2924 | D:3      | Found a stormy altar of Qazlal.
  2925 | D:3      | Found an opulent altar of Gozag.
  2925 | D:3      | Found a radiant altar of Vehumet.
  2929 | D:3      | Found a shattered altar of Ashenzari.
  2929 | D:3      | Found a bloodstained altar of Trog.
  2930 | D:3      | Found a deep blue altar of Sif Muna.
  2944 | D:3      | Killed Natasha
  3009 | D:3      | Reached XP level 7. HP: 75/76 MP: 7/7
  3741 | D:4      | Found a glowing golden altar of the Shining One.
  3743 | D:4      | Found a sacrificial altar of Ru.
  4431 | D:5      | Entered Level 5 of the Dungeon
  4645 | D:5      | Reached skill level 9 in Maces & Flails
  4706 | D:5      | Noticed Blork the orc
  4723 | D:5      | Killed Blork the orc
  4899 | D:5      | Reached XP level 8. HP: 87/87 MP: 8/8
  5129 | D:5      | Reached skill level 10 in Maces & Flails
  5157 | D:5      | Reached **** piety under Trog
  5342 | D:6      | Noticed Duvessa
  5348 | D:6      | Noticed Dowan
  5356 | D:6      | Killed Duvessa
  5356 | D:6      | Reached skill level 11 in Maces & Flails
  5360 | D:6      | Killed Dowan
  5431 | D:6      | Reached XP level 9. HP: 74/97 MP: 9/9
  5553 | D:6      | Reached ***** piety under Trog
  5553 | D:6      | Reached skill level 5 in Dodging
  5668 | D:6      | Reached skill level 12 in Maces & Flails
  5774 | D:6      | Found a staircase to the Ecumenical Temple.
  6283 | D:7      | Reached skill level 13 in Maces & Flails
  7045 | D:7      | Identified a scroll of acquirement
  7046 | D:7      | Got a warped cloak
  7057 | D:7      | Identified the +0 cloak of Fyad {Slay+5} (You acquired it on level 7 of the Dungeon)
  7094 | D:8      | Found a glowing silver altar of Zin.
  7148 | D:8      | Reached XP level 10. HP: 89/109 MP: 10/10
  7325 | D:8      | Reached skill level 10 in Fighting
  7774 | D:8      | You fall through a shaft for 2 floors!
  7774 | D:10     | Entered Level 10 of the Dungeon
  7816 | D:9      | Noticed an iron golem
  7816 | D:9      | Noticed an iron golem
  7816 | D:9      | Noticed an iron golem
  7816 | D:9      | Noticed an iron golem
  7839 | D:10     | Noticed an unseen horror
  7912 | D:9      | Found a staircase to the Orcish Mines.
  8113 | D:9      | Killed an iron golem
  8113 | D:9      | Reached skill level 14 in Maces & Flails
  8122 | D:9      | Killed an iron golem
  8131 | D:9      | Slain by an iron golem

Vault maps used:
D:1:      dpeg_arrival_chase
D:2:      uniq_crazy_yiuf_cottage, uniq_sigmund
D:3:      grunt_pakellas_mercury, grunt_temple_overflow_open, first_bread,
          uniq_natasha
D:4:      minitemple
D:5:      uniq_blork_the_orc
D:6:      hangedman_cross_stitches, uniq_duvessa
D:7:      the_bakery
D:8:      old_standard_altar
D:9:      cheibrodos_stairvault_heist, kennysheep_orc_monster_closet_entryway
D:10:     due_lair_maze_entry_diamond, serial_shops,
          nicolae_shop_window_shopping, serial_park_tiny_2,
          grunt_gozag_breadcrumbs, uniq_joseph, uniq_snorg, uniq_psyche

Skill      XL: |  1  2  3  4  5  6  7  8  9 10 |
---------------+-------------------------------+-----
Maces & Flails | 5 7 8 9 11 13 14 | 14.6
Fighting       | 5 6 7 8 9 10 | 10.8
Dodging        | 3 4 6 7 |  7.1

Action                   |  1- 3 |  4- 6 |  7- 9 | 10-12 || total
-------------------------+-------+-------+-------+-------++-------
Melee: Mace              |   114 |    95 |       |       ||   209
       Flail             |       |    24 |   259 |       ||   283
       Giant spiked club |       |       |    78 |    69 ||   147
Invok: Berserk           |     1 |     3 |     4 |     2 ||    10
       Trog's Hand       |       |     2 |       |     1 ||     3
       Brothers in Arms  |       |       |       |     1 ||     1
Evoke: Wand              |       |       |       |     1 ||     1
  Use: Scroll            |     2 |       |    14 |       ||    16
       Potion            |       |     1 |       |       ||     1
 Stab: Sleeping          |     1 |       |       |       ||     1
  Eat: Chunk             |     2 |     8 |    13 |     4 ||    27
       Bread ration      |       |       |     1 |       ||     1
       Pizza             |       |       |     1 |       ||     1
Armor: Animal skin       |    57 |    60 |    16 |       ||   133
       Robe              |       |       |    75 |    14 ||    89
Dodge: Dodged            |    97 |    72 |   160 |    49 ||   378
